TOP OF THE 1ST |
Randall HS Raiders batting - Pitching for Spanish Fork HS : RHP Mike Fisher
|
Pitching: RHP Mike Fisher
|
|
Batting: RHB Earl Godwin
|
0-0: Foul Ball, location: 2F 0-1: Foul Ball, location: 2F 0-2: Foul Ball, location: 2F 0-2: Fly out, F8 (Flyball, 8LM)
|
Batting: RHB Jake Reeves
|
0-0: DOUBLE (Flyball, 8LM)
|
Batting: RHB Rob Cooper
|
0-0: Foul Ball, location: 2F 0-1: Ball 1-1: Ball 2-1: Foul Ball, location: 2F 2-2: Ball 3-2: Base on Balls
|
Batting: LHB Carlos Valentín
|
0-0: Swinging Strike 0-1: Ball 1-1: Swinging Strike 1-2: Fly out, F8 (Flyball, 8LM)
|
Batting: RHB José Carlos Santos
|
0-0: Foul Ball, location: 2F 0-1: Ball 1-1: Foul Ball, location: 2F 1-2: Strikes out looking
|
Top of the 1st over - 0 run(s), 1 hit(s), 0 error(s), 2 left on base; Randall HS 0 - Spanish Fork HS 0 |
BOTTOM OF THE 1ST |
Spanish Fork HS batting - Pitching for Randall HS Raiders : LHP Alberto Ledezma
|
Pitching: LHP Alberto Ledezma
|
|
Batting: RHB Gary Roberts
|
0-0: Called Strike 0-1: Ball 1-1: Called Strike 1-2: Strikes out swinging
|
Batting: RHB Mark Whiffen
|
0-0: Ball 1-0: Ground out 5-3 (Groundball, 5S)
|
Batting: RHB Javier Ortíz
|
0-0: Ball 1-0: Called Strike 1-1: Foul Ball, location: 2F 1-2: Fly out, F6 (Popup, 56D)
|
Bottom of the 1st over - 0 run(s), 0 hit(s), 0 error(s), 0 left on base; Randall HS 0 - Spanish Fork HS 0 |
TOP OF THE 2ND |
Randall HS Raiders batting - Pitching for Spanish Fork HS : RHP Mike Fisher
|
Batting: SHB Bryan Long
|
0-0: Ball 1-0: Called Strike 1-1: Ball 2-1: Swinging Strike 2-2: SINGLE (Line Drive, 78S)
|
Batting: RHB Alex Miller
|
0-0: Foul Ball, location: 2F 0-1: Swinging Strike 0-2: Strikes out looking
|
Batting: LHB Tom Craft
|
0-0: SINGLE (Groundball, 56S) (infield hit) Bryan Long to second
|
Batting: LHB Rob Witt
|
0-0: Swinging Strike 0-1: Ball 1-1: Swinging Strike 1-2: Foul Ball, location: 2F 1-2: Ball 2-2: Foul Ball, location: 2F 2-2: Ball 3-2: Strikes out looking
|
Batting: RHB Earl Godwin
|
0-0: Foul Ball, location: 2F 0-1: Called Strike 0-2: Fielders Choice at 2nd, U6 (Groundball, 6M)
|
Top of the 2nd over - 0 run(s), 2 hit(s), 0 error(s), 2 left on base; Randall HS 0 - Spanish Fork HS 0 |
BOTTOM OF THE 2ND |
Spanish Fork HS batting - Pitching for Randall HS Raiders : LHP Alberto Ledezma
|
Batting: RHB Jim Jones
|
0-0: Called Strike 0-1: Fly out, F9 (Flyball, 9S)
|
Batting: RHB Steve Meyers
|
0-0: Swinging Strike 0-1: Foul Ball, location: 2F 0-2: Ball 1-2: Foul Ball, location: 2F 1-2: Strikes out swinging
|
Batting: LHB Mal Jiménez
|
0-0: Ball 1-0: Ball 2-0: Ball 3-0: Base on Balls
|
Batting: LHB Joe Joyce
|
0-0: Called Strike 0-1: Foul Ball, location: 2F 0-2: DOUBLE (Line Drive, 3D) Mal Jiménez to third Runner from 3rd tries for Home, SAFE, no throw or cutoff
|
Batting: RHB Peter Jones
|
0-0: Ball 1-0: Called Strike 1-1: Fly out, F7 (Flyball, 78S)
|
Bottom of the 2nd over - 1 run(s), 1 hit(s), 0 error(s), 1 left on base; Randall HS 0 - Spanish Fork HS 1 |
TOP OF THE 3RD |
Randall HS Raiders batting - Pitching for Spanish Fork HS : RHP Mike Fisher
|
Batting: RHB Jake Reeves
|
0-0: Called Strike 0-1: Ground out 5-3 (Groundball, 56)
|
Batting: RHB Rob Cooper
|
0-0: Ball 1-0: Ball 2-0: Ball 3-0: Called Strike 3-1: Base on Balls
|
Batting: LHB Carlos Valentín
|
0-0: Ball Rob Cooper steals 2nd base 1-0: Called Strike 1-1: Ball 2-1: Foul Ball, location: 2F 2-2: Ground out 4-3 (Groundball, 4) Rob Cooper to third
|
Batting: RHB José Carlos Santos
|
0-0: Ball 1-0: Called Strike 1-1: Called Strike 1-2: Strikes out swinging
|
Top of the 3rd over - 0 run(s), 0 hit(s), 0 error(s), 1 left on base; Randall HS 0 - Spanish Fork HS 1 |
BOTTOM OF THE 3RD |
Spanish Fork HS batting - Pitching for Randall HS Raiders : LHP Alberto Ledezma
|
Batting: RHB Ray Hernández
|
0-0: Ball 1-0: Foul Ball, location: 2F 1-1: Called Strike 1-2: Foul Ball, location: 2F 1-2: Foul Ball, location: 2F 1-2: Fly out, F7 (Flyball, 78M)
|
Batting: RHB Gary Roberts
|
0-0: Ball 1-0: Ball 2-0: Ball 3-0: Called Strike 3-1: SINGLE (Groundball, 3D)
|
Batting: RHB Mark Whiffen
|
0-0: Ball 1-0: Foul Ball, location: 2F 1-1: Called Strike 1-2: Foul Ball, location: 2F 1-2: Ball 2-2: Strikes out swinging
|
Batting: RHB Javier Ortíz
|
0-0: Ball 1-0: Ball 2-0: Ground out 4-3 (Groundball, 4)
|
Bottom of the 3rd over - 0 run(s), 1 hit(s), 0 error(s), 1 left on base; Randall HS 0 - Spanish Fork HS 1 |
TOP OF THE 4TH |
Randall HS Raiders batting - Pitching for Spanish Fork HS : RHP Mike Fisher
|
Batting: SHB Bryan Long
|
0-0: Ball 1-0: Ball 2-0: Ball 3-0: Called Strike 3-1: Base on Balls
|
Batting: RHB Alex Miller
|
0-0: Called Strike 0-1: Called Strike 0-2: Foul Ball, location: 2F 0-2: Ball 1-2: Fly out, F3 (Popup, 3DF)
|
Batting: LHB Tom Craft
|
0-0: Ball Bryan Long steals 2nd base 1-0: Ball Bryan Long steals 3rd base 2-0: Ball 3-0: Called Strike 3-1: Base on Balls
|
Batting: LHB Rob Witt
|
0-0: Foul Ball, location: 2F 0-1: Ball 1-1: Foul Ball, location: 2F 1-2: Strikes out swinging Tom Craft is caught stealing 2nd base Batter strikes out.
|
Top of the 4th over - 0 run(s), 0 hit(s), 0 error(s), 1 left on base; Randall HS 0 - Spanish Fork HS 1 |
BOTTOM OF THE 4TH |
Spanish Fork HS batting - Pitching for Randall HS Raiders : LHP Alberto Ledezma
|
Batting: RHB Jim Jones
|
0-0: Called Strike 0-1: Called Strike 0-2: Strikes out swinging
|
Batting: RHB Steve Meyers
|
0-0: Ball 1-0: Ball 2-0: Foul Ball, location: 2F 2-1: Ball 3-1: Called Strike 3-2: Base on Balls
|
Batting: LHB Mal Jiménez
|
0-0: Ball 1-0: Ball 2-0: Ball 3-0: Called Strike 3-1: Called Strike 3-2: SINGLE (Line Drive, 4D) Steve Meyers to second Runner from 2nd tries for 3rd, SAFE, no throw or cutoff
|
Batting: LHB Joe Joyce
|
0-0: Ball 1-0: Fly out, F7 (Flyball, 7LS)
|
Batting: RHB Peter Jones
|
0-0: Fly out, F9 (Line Drive, 9M)
|
Bottom of the 4th over - 0 run(s), 1 hit(s), 0 error(s), 2 left on base; Randall HS 0 - Spanish Fork HS 1 |
TOP OF THE 5TH |
Randall HS Raiders batting - Pitching for Spanish Fork HS : RHP Mike Fisher
|
Batting: RHB Earl Godwin
|
0-0: Ball 1-0: Called Strike 1-1: Called Strike 1-2: Ball 2-2: Strikes out swinging
|
Batting: RHB Jake Reeves
|
0-0: Called Strike 0-1: Called Strike 0-2: Ball 1-2: Ball 2-2: Fly out, F9 (Flyball, 89S)
|
Batting: RHB Rob Cooper
|
0-0: Ball 1-0: Called Strike 1-1: DOUBLE (Groundball, 5L)
|
Pitching: RHP Paul Turberville
|
|
Batting: LHB Carlos Valentín
|
0-0: Ball 1-0: Ball 2-0: Foul Ball, location: 2F 2-1: Foul Ball, location: 2F 2-2: Foul Ball, location: 2F 2-2: Ball 3-2: Foul Ball, location: 2F 3-2: 2-RUN HOME RUN (Flyball, 9D), Distance : 384 ft
|
Batting: RHB José Carlos Santos
|
0-0: Swinging Strike 0-1: Ball 1-1: Ball 2-1: Foul Ball, location: 2F 2-2: SINGLE (Line Drive, 34D)
|
Batting: SHB Bryan Long
|
0-0: Called Strike 0-1: Called Strike 0-2: SINGLE (Groundball, 6MD) José Carlos Santos to second Runner from 2nd tries for 3rd, SAFE, throw made to third
|
Batting: RHB Alex Miller
|
0-0: Fly out, F7 (Popup, 7S)
|
Top of the 5th over - 2 run(s), 4 hit(s), 0 error(s), 2 left on base; Randall HS 2 - Spanish Fork HS 1 |
BOTTOM OF THE 5TH |
Spanish Fork HS batting - Pitching for Randall HS Raiders : LHP Alberto Ledezma
|
Batting: RHB Ray Hernández
|
0-0: Foul Ball, location: 2F 0-1: Ball 1-1: Ball 2-1: Foul Ball, location: 2F 2-2: Foul Ball, location: 2F 2-2: Ball 3-2: Base on Balls
|
Batting: RHB Gary Roberts
|
0-0: Ball 1-0: Fly out, F4 (Line Drive, 4)
|
Batting: RHB Mark Whiffen
|
0-0: Ball 1-0: Ball 2-0: Swinging Strike 2-1: SINGLE (Line Drive, 4M) Ray Hernández to second
|
Batting: RHB Javier Ortíz
|
0-0: Ball 1-0: Called Strike 1-1: DOUBLE (Line Drive, 9LM) Ray Hernández scores Mark Whiffen to third
|
Pitching: RHP Andrew Luna
|
|
Batting: RHB Jim Jones
|
0-0: Swinging Strike 0-1: Swinging Strike 0-2: Ball 1-2: Foul Ball, location: 2F 1-2: Strikes out swinging
|
Batting: RHB Steve Meyers
|
0-0: Ball 1-0: Fly out, F4 (Line Drive, 4M)
|
Bottom of the 5th over - 1 run(s), 2 hit(s), 0 error(s), 2 left on base; Randall HS 2 - Spanish Fork HS 2 |
TOP OF THE 6TH |
Randall HS Raiders batting - Pitching for Spanish Fork HS : RHP Paul Turberville
|
Batting: LHB Tom Craft
|
0-0: Called Strike 0-1: Foul Ball, location: 2F 0-2: Strikes out swinging
|
Batting: LHB Rob Witt
|
0-0: Called Strike 0-1: Ball 1-1: Swinging Strike 1-2: Strikes out swinging
|
Batting: RHB Earl Godwin
|
0-0: Foul Ball, location: 2F 0-1: Called Strike 0-2: Foul Ball, location: 2F 0-2: Ball 1-2: Foul Ball, location: 2F 1-2: Ball 2-2: Ball 3-2: Base on Balls
|
Batting: RHB Jake Reeves
|
0-0: Ball Earl Godwin is caught stealing 2nd base
|
Top of the 6th over - 0 run(s), 0 hit(s), 0 error(s), 0 left on base; Randall HS 2 - Spanish Fork HS 2 |
BOTTOM OF THE 6TH |
Spanish Fork HS batting - Pitching for Randall HS Raiders : RHP Andrew Luna
|
Batting: LHB Mal Jiménez
|
0-0: Ball 1-0: Ball 2-0: Ball 3-0: Base on Balls
|
Batting: LHB Joe Joyce
|
0-0: Called Strike 0-1: Fly out, F8 (Flyball, 8RS)
|
Batting: RHB Peter Jones
|
0-0: Called Strike Mal Jiménez is caught stealing 2nd base 0-1: Ball 1-1: Ball 2-1: Ball 3-1: Base on Balls
|
Batting: RHB Ray Hernández
|
0-0: Foul Ball, location: 2F 0-1: Fly out, F6 (Line Drive, 6)
|
Bottom of the 6th over - 0 run(s), 0 hit(s), 0 error(s), 1 left on base; Randall HS 2 - Spanish Fork HS 2 |
TOP OF THE 7TH |
Randall HS Raiders batting - Pitching for Spanish Fork HS : RHP Paul Turberville
|
Batting: RHB Jake Reeves
|
0-0: Called Strike 0-1: Foul Ball, location: 2F 0-2: Ball 1-2: Ball 2-2: Strikes out swinging
|
Pitching: RHP Chad Swanson
|
|
Batting: RHB Rob Cooper
|
0-0: Called Strike 0-1: Ball 1-1: Called Strike 1-2: Ball 2-2: Fly out, F4 (Popup, 4)
|
Batting: LHB Carlos Valentín
|
0-0: Ball 1-0: Ball 2-0: Ball 3-0: Base on Balls
|
Batting: RHB José Carlos Santos
|
0-0: SINGLE (Line Drive, 78S) Carlos Valentín to second
|
Batting: SHB Bryan Long
|
0-0: Hit by Pitch Carlos Valentín to third José Carlos Santos to second
|
Pinch Hitting: RHB Phil Hacker
|
0-0: Ball 1-0: GRAND SLAM HOME RUN (Line Drive, 78XD), Distance : 403 ft
|
Pitching: LHP Curt James
|
|
Batting: LHB Tom Craft
|
0-0: Ball 1-0: Swinging Strike 1-1: Ball 2-1: Swinging Strike 2-2: Ball 3-2: Strikes out swinging
|
Top of the 7th over - 4 run(s), 2 hit(s), 0 error(s), 0 left on base; Randall HS 6 - Spanish Fork HS 2 |
BOTTOM OF THE 7TH |
Spanish Fork HS batting - Pitching for Randall HS Raiders : RHP Andrew Luna
|
Now in CF: Jeff Stevens
|
|
Batting: RHB Gary Roberts
|
0-0: Foul Ball, location: 2F 0-1: Called Strike 0-2: Ball 1-2: Ball 2-2: SINGLE (Line Drive, 6MD)
|
Batting: RHB Mark Whiffen
|
0-0: Called Strike 0-1: Ball 1-1: Ball 2-1: Foul Ball, location: 2F 2-2: Hit by Pitch Gary Roberts to second
|
Pinch Runner at 1st Joaquín Mercado:
|
|
Batting: RHB Javier Ortíz
|
0-0: Ball 1-0: Called Strike 1-1: Ball 2-1: Called Strike 2-2: SINGLE (Flyball, 9LM) Gary Roberts to third Joaquín Mercado to second
|
Batting: RHB Jim Jones
|
0-0: Ball 1-0: Ball 2-0: Ball 3-0: Called Strike 3-1: Base on Balls Gary Roberts scores Joaquín Mercado to third Javier Ortíz to second
|
Pitching: RHP Millard Manning
|
|
Batting: RHB Steve Meyers
|
0-0: Ball 1-0: Called Strike 1-1: Ball 2-1: Swinging Strike 2-2: Foul Ball, location: 2F 2-2: Strikes out swinging
|
Batting: LHB Mal Jiménez
|
0-0: Ball 1-0: Ball 2-0: Ball 3-0: Base on Balls Joaquín Mercado scores Javier Ortíz to third Jim Jones to second
|
Batting: LHB Joe Joyce
|
0-0: Called Strike 0-1: Ball 1-1: Ball 2-1: Foul Ball, location: 2F 2-2: Foul Ball, location: 2F 2-2: Strikes out swinging
|
Batting: RHB Peter Jones
|
0-0: Ball 1-0: Ground out 4-3 (Groundball, 4)
|
Bottom of the 7th over - 2 run(s), 2 hit(s), 0 error(s), 3 left on base; Randall HS 6 - Spanish Fork HS 4 |
TOP OF THE 8TH |
Randall HS Raiders batting - Pitching for Spanish Fork HS : LHP Curt James
|
Now at 3B: Joaquín Mercado
|
|
Batting: LHB Rob Witt
|
0-0: Called Strike 0-1: Called Strike 0-2: Ball 1-2: Foul Ball, location: 2F 1-2: Ball 2-2: SINGLE (Groundball, 4MD)
|
Batting: RHB Earl Godwin
|
0-0: Ball 1-0: Ball 2-0: Foul Ball, location: 2F 2-1: Bunted foul 2-2: Grounds into double play, 5-4-3 (Groundball, 56)
|
Batting: RHB Jake Reeves
|
0-0: Ball 1-0: Ball 2-0: Swinging Strike 2-1: Ball 3-1: Base on Balls
|
Batting: RHB Rob Cooper
|
0-0: Called Strike 0-1: Fly out, F6 (Line Drive, 6)
|
Top of the 8th over - 0 run(s), 1 hit(s), 0 error(s), 1 left on base; Randall HS 6 - Spanish Fork HS 4 |
BOTTOM OF THE 8TH |
Spanish Fork HS batting - Pitching for Randall HS Raiders : RHP Millard Manning
|
Now at 3B: Paul Liddle
|
|
Batting: RHB Ray Hernández
|
0-0: Ball 1-0: Ball 2-0: SINGLE (Groundball, 56D)
|
Batting: RHB Gary Roberts
|
0-0: Called Strike 0-1: Called Strike 0-2: Ball 1-2: Foul Ball, location: 2F 1-2: Strikes out looking
|
Batting: SHB Joaquín Mercado
|
0-0: Ball 1-0: Called Strike 1-1: Ball 2-1: Ball 3-1: Foul Ball, location: 2F 3-2: Foul Ball, location: 2F 3-2: Base on Balls Ray Hernández to second
|
Batting: RHB Javier Ortíz
|
0-0: Called Strike 0-1: Foul Ball, location: 2F 0-2: Strikes out looking
|
Batting: RHB Jim Jones
|
0-0: 3-RUN HOME RUN (Line Drive, 7D), Distance : 376 ft
|
Pitching: RHP Richard Lee
|
|
Batting: RHB Steve Meyers
|
0-0: Ball 1-0: Ball 2-0: Called Strike 2-1: Ball 3-1: Base on Balls
|
Batting: LHB Mal Jiménez
|
0-0: Fly out, F7 (Flyball, 7M)
|
Bottom of the 8th over - 3 run(s), 2 hit(s), 0 error(s), 1 left on base; Randall HS 6 - Spanish Fork HS 7 |
TOP OF THE 9TH |
Randall HS Raiders batting - Pitching for Spanish Fork HS : LHP Curt James
|
Pitching: RHP Merlin Baker
|
|
Batting: LHB Carlos Valentín
|
0-0: Called Strike 0-1: Ball 1-1: SOLO HOME RUN (Flyball, 8RXD), Distance : 436 ft
|
Batting: RHB José Carlos Santos
|
0-0: Ball 1-0: Ball 2-0: Ball 3-0: Called Strike 3-1: Fly out, F3 (Popup, 3SF)
|
Batting: SHB Bryan Long
|
0-0: Called Strike 0-1: Ball 1-1: Called Strike 1-2: Ball 2-2: Ball 3-2: Base on Balls
|
Batting: LHB Jeff Stevens
|
0-0: Swinging Strike 0-1: Fly out, F8 (Flyball, 8LM)
|
Batting: LHB Tom Craft
|
0-0: Ball 1-0: Ball Single, Error in OF, E9, batter to second base Bryan Long to third
|
Batting: LHB Rob Witt
|
0-0: Swinging Strike 0-1: Ball 1-1: Called Strike 1-2: Ball 2-2: Strikes out swinging
|
Top of the 9th over - 1 run(s), 2 hit(s), 1 error(s), 2 left on base; Randall HS 7 - Spanish Fork HS 7 |
BOTTOM OF THE 9TH |
Spanish Fork HS batting - Pitching for Randall HS Raiders : RHP Richard Lee
|
Pitching: RHP Jacob Coleman
|
|
Batting: LHB Joe Joyce
|
0-0: Foul Ball, location: 2F 0-1: Called Strike 0-2: Strikes out looking
|
Batting: RHB Peter Jones
|
0-0: Ball 1-0: Called Strike 1-1: Ball 2-1: Ball 3-1: Called Strike 3-2: Base on Balls
|
Batting: RHB Ray Hernández
|
0-0: Foul Ball, location: 2F 0-1: 2-RUN HOME RUN (Flyball, 7LD), Distance : 353 ft
|
|